 Dungeon Crawl Stone Soup version 0.32-a0-960-g3814254bd7 (webtiles) character file.

Game seed: 7655256103584337129

18612 Autsider the Covert (level 12, -2/88 HPs)
             Began as a Vampire Enchanter on Apr 17, 2024.
             Was an Elder of Dithmenos.
             Incinerated by a smoke demon (10 damage)
             ... with a pyre arrow
             ... in a Gauntlet.
             The game lasted 00:49:53 (12891 turns).

Autsider the Covert (Vampire Enchanter)            Turns: 12891, Time: 00:49:54

Health: -2/88      AC:  8    Str:  7    XL:     12   Next: 29%
Magic:  13/26      EV: 12    Int: 28    God:    Dithmenos [****..]
Gold:   1058       SH:  5    Dex: 15    Spells: 24/32 levels left

rFire   . . .        P - +4 dagger
rCold   . . .        R - +0 buckler
rNeg    . . .        O - +0 leather armour {Will+}
rPois   +            t - +1 helmet
rElec   .            u - +0 cloak
rCorr   .            F - +0 pair of gloves
SInv    +            (no boots)
Will    ++...        (no amulet)
Stlth   ++           C - +6 ring of intelligence
HPRegen 0.54/turn    r - ring of poison resistance
MPRegen 0.20/turn

%: no teleportation
@: on fire, healing quickly, glowing
A: alive, fangs 3, see invisible, vampiric 2
a: Exsanguinate, Renounce Religion, Shadow Step


You were in a Gauntlet.
You worshipped Dithmenos.
Dithmenos was greatly pleased with you.
You visited 3 branches of the dungeon, and saw 14 of its levels.
You also visited: Sewer and Gauntlet.

You collected 1058 gold pieces.

Inventory:

Hand Weapons
 a - a +1 dagger
 h - a +1 dagger of pain
 P - a +4 dagger (weapon)
Missiles
 g - 17 boomerangs (quivered)
 i - 21 poisoned darts
 U - 2 silver javelins
Armour
 b - a +0 robe
 t - a +1 helmet (worn)
 u - a +0 cloak (worn)
 F - a +0 pair of gloves (worn)
 J - a +4 ring mail
 L - a +2 ring mail of fire resistance
 O - a +0 leather armour of willpower (worn)
 Q - +0 steam dragon scales
 R - a +0 buckler (worn)
 V - a +3 leather armour
Jewellery
 f - a ring of protection from cold
 r - a ring of poison resistance (right hand)
 C - a +6 ring of intelligence (left hand)
 D - a +6 ring of intelligence
 W - a ring of ice
Wands
 x - a wand of flame (16)
 y - a wand of polymorph (5)
 E - a wand of charming (26)
 K - a wand of mindburst (13)
 X - a wand of digging (6)
Scrolls
 j - a scroll of vulnerability {unknown}
 m - a scroll of fear {unknown}
 p - 4 scrolls of enchant armour
 q - a scroll of fog
 s - a scroll of revelation {unknown}
 v - 2 scrolls of amnesia
 G - 3 scrolls of teleportation {unknown}
 I - a scroll of summoning {unknown}
 N - 2 scrolls of immolation
 T - a scroll of noise {unknown}
 Y - a scroll of acquirement {unknown}
 Z - a scroll of poison {unknown}
Potions
 c - a potion of invisibility
 d - 2 potions of berserk rage
 e - a potion of heal wounds {unknown}
 k - 2 potions of might {unknown}
 l - 3 potions of haste
 n - 5 potions of mutation
 o - 2 potions of cancellation
 w - a potion of curing {unknown}
 z - a potion of lignification {unknown}
 A - 3 potions of degeneration {unknown}
 B - 4 potions of brilliance
 H - 4 potions of magic
 M - 2 potions of attraction {unknown}
Miscellaneous
 S - a lightning rod (4/4)


   Skills:
 - Level 6.0 Fighting
 - Level 6.0 Short Blades
 - Level 4.0 Armour
 - Level 6.0 Dodging
 - Level 14.0 Stealth
 - Level 6.0 Shields
 + Level 10.9 Spellcasting
 - Level 10.0 Hexes
 - Level 2.0 Ice Magic


You had 24 spell levels left.
You knew the following spells:

 Your Spells              Type           Power      Damage    Failure   Level
a - Ensorcelled Hibernat  Hex/Ice        96%        N/A       1%          2
b - Confusing Touch       Hex            63%        N/A       1%          3
c - Tukima's Dance        Hex            63%        N/A       1%          3

Your spell library contained the following spells:

 Spells                   Type           Power      Damage    Failure   Level
 Jinxbite                 Hex            100%       N/A       1%          2
 Freeze                   Ice            100%       1d10      3%          1
 Dazzling Flash           Conj/Hex       86%        N/A       3%          3
 Apportation              Tloc           30%        N/A       9%          1
 Frozen Ramparts          Ice            52%        1d8       11%         3
 Ozocubu's Armour         Ice            26%        N/A       11%         3
 Call Imp                 Summ           30%        N/A       12%         2
 Sublimation of Blood     Necr           15%        N/A       12%         2
 Hailstorm                Conj/Ice       20%        3d7       16%         3
 Summon Ice Beast         Ice/Summ       20%        N/A       16%         3
 Fugue of the Fallen      Necr           15%        N/A       24%         3
 Summon Mana Viper        Hex/Summ       43%        N/A       28%         5
 Alistair's Intoxication  Alch           10%        N/A       92%         5
 Manifold Assault         Tloc           7%         N/A       100%        7
 Monstrous Menagerie      Summ           7%         N/A       100%        7
 Summon Hydra             Summ           7%         N/A       100%        7


Dungeon Overview and Level Annotations

Branches:
Dungeon (11/15)            Temple (1/1) D:5            Lair (2/5) D:8
    Orc (0/2) D:10          Sewer (visited)         Gauntlet (1/1)
  Swamp: Lair:2-3    Shoals: Lair:2-3     Snake: Lair:2-3    Spider: Lair:2-3

Altars:
Ashenzari
Cheibriados
Dithmenos
Fedhas
Gozag
Hepliaklqana
Kikubaaqudgha
Makhleb
Nemelex Xobeh
Okawaru
Qazlal
Ru
Sif Muna
Trog
Uskayaw
Vehumet
Wu Jian
Xom
Yredelemnul

Shops:
D:5 :

Portals:
Trove: D:10 (give 6 scrolls of fear)

Annotations:
D:7 exclusion: downstairs, Jeremiah
D:8 exclusion: downstairs
D:10 exclusion: downstairs
Lair:1 exclusion: downstairs
Lair:2 Gastronok Gauntlet 12 transporters, 2 runed translucent doors


Innate Abilities, Weirdness & Mutations

Your natural rate of healing is accelerated.
You have razor-sharp teeth.
You have supernaturally acute eyesight. (SInv)
You are afflicted with vampirism and can become a bat while bloodless.


Message History

Casting: Ensorcelled Hibernation (safe; 1% risk of failure)
Confirm with . or Enter, or press ? or * to list all spells.
Aiming: Ensorcelled Hibernation (safe; 1% risk of failure)
Press: ? - help, Shift-Dir - straight line, f/p - smoke demon
Aim: a smoke demon (umbra, chance to affect: 36%)
The smoke demon easily resists.
The liquid fire burns you!
* * * LOW HITPOINT WARNING * * *
You block the smoke demon's attack. The smoke demon completely misses you.
The smoke demon hits you but does no damage.
The crimson imp barely misses you.
Casting: Ensorcelled Hibernation (safe; 1% risk of failure)
Confirm with . or Enter, or press ? or * to list all spells.
Aiming: Ensorcelled Hibernation (safe; 1% risk of failure)
Press: ? - help, Shift-Dir - straight line, f/p - smoke demon
Aim: a smoke demon (umbra, chance to affect: 36%)
The smoke demon easily resists.
Your shadow mimics your spell!
The smoke demon resists with almost no effort.
The liquid fire burns you!
* * * LOW HITPOINT WARNING * * *
The smoke demon barely misses you.
The smoke demon hits you but does no damage.
You block the smoke demon's attack.
The crimson imp blinks!
The crimson imp summons a swarm of flies.
Casting: Ensorcelled Hibernation (safe; 1% risk of failure)
Confirm with . or Enter, or press ? or * to list all spells.
Aiming: Ensorcelled Hibernation (safe; 1% risk of failure)
Press: ? - help, Shift-Dir - straight line, f/p - smoke demon
Aim: a smoke demon (umbra, chance to affect: 36%)
The smoke demon easily resists.
The liquid fire burns you!
* * * LOW HITPOINT WARNING * * *
The crimson imp puffs mist at you. The smoke demon gestures at you.
The ball of steam hits you!!
* * * LOW HITPOINT WARNING * * *
You enter the transporter and appear at another place.
The liquid fire burns you!
You die...

#≈...#.##.##.#...≈#
####..♣.##..#..##.♣..####
#≈≈...P.###.##.##.....≈≈#
#≈..♣.P.#.5#5.#.#..P♣..≈#
####.....P.##5##.###..P.P..####
#≈≈..♣PPP♣.#5#.§#..#.♣.P.♣..≈≈#
#≈.........#.##§##.#.........≈#
##...#######################...##
≈....#©.........@3........©#....≈
..#############################..
..#....Z.Z#...........#.......#..
♣.#..####Z#...#≈#≈#...#.#####.#.♣
..#.##Z.#Z#..P≈≈≈≈≈.P.#.+...+.#..
♣.#.#.©#..#.♣P#≈#≈#.♣.#.#.©.#.#.♣
..#.#.##..#...≈≈≈≈≈PP.#.#≈≈≈#.#..
♣.#.##....#..P#≈#≈#P..#.#####D#.♣
..#...©:?Z#...P.PPP...#. .©.?h#..


You could see a smoke demon, a crimson imp, a cane toad simulacrum, a centaur
warrior simulacrum and a meliai simulacrum.

Vanquished Creatures
  A hydra (Lair:2)
  A catoblepas (D:10)
  A boulder beetle (D:11)
  A death knight (D:10)
  A skyshark (Lair:2)
  A cyclops (D:11)
  Maurice (D:7)
  2 black mambas (Lair:1)
  Joseph (D:9)
  A cane toad (Lair:1)
  An unseen horror (D:10)
  Psyche (D:9)
  A troll (D:11)
  A polar bear (Lair:1)
  Grinder (D:4)
  5 blink frogs
  2 wraiths
  A wyvern (Lair:2)
  21 yaks
  A warg (D:10)
  2 vampire mosquitoes (D:10)
  2 steam dragons (D:9)
  Menkaure (D:5)
  6 water moccasins
  2 acid dragons (D:11)
  An orc warrior (D:9)
  2 ice beasts
  2 sky beasts
  An ogre (D:5)
  4 centaurs
  4 wolves (Lair:2)
  3 kobold brigands
  7 bullfrogs
  2 brain worms (Sewer)
  4 scorpions (D:5)
  A wight (D:6)
  3 howler monkeys (D:9)
  5 jellies
  4 hounds
  5 orc priests
  3 bombardier beetles
  Crazy Yiuf (D:3)
  A sleepcap (D:7)
  5 iguanas
  6 orc wizards
  A gnoll (D:10)
  9 adders
  3 river rats
  A dart slug (D:3)
  32 orcs
  11 ball pythons
  5 bats
  An endoplasm (D:4)
  4 giant cockroaches
  3 goblins
  4 hobgoblins
  6 jackals (D:1)
  14 kobolds
  5 quokkas
  7 frilled lizards
  6 rats
235 creatures vanquished.

Vanquished Creatures (collateral kills)
  3 two-headed ogres
  A dancing weapon (D:10)
  A gargoyle (D:10)
  Maggie (D:9)
  3 orc warriors
  2 ogres
  6 wights
  A hound (D:6)
  A gnoll bouda (D:10)
  An orc wizard (D:8)
  4 gnolls (D:10)
  25 orcs
  4 kobolds (D:6)
53 creatures vanquished.

Vanquished Creatures (others)
  6 dancing weapons
6 creatures vanquished.

Grand Total: 294 creatures vanquished

Notes
Turn   | Place    | Note
-------+----------+-------------------------------------------
     0 | D:1      | Autsider the Vampire Enchanter began the quest for the Orb.
     0 | D:1      | Reached XP level 1. HP: 13/13 MP: 3/3
   165 | D:1      | Reached XP level 2. HP: 19/19 MP: 5/5
   172 | D:1      | Learned a level 2 spell: Ensorcelled Hibernation
   591 | D:1      | Reached skill level 1 in Ice Magic
   678 | D:1      | Reached skill level 5 in Stealth
   974 | D:2      | Found an iron altar of Okawaru.
  1005 | D:2      | Reached skill level 5 in Hexes
  1103 | D:2      | Gained mutation: You are afflicted with vampirism and can
                  | become a bat while bloodless. [Vampire growth]
  1103 | D:2      | Reached XP level 3. HP: 24/24 MP: 3/6
  1719 | D:3      | Found a glowing drain.
  1743 | D:3      | Reached skill level 6 in Stealth
  1761 | D:3      | Reached XP level 4. HP: 21/30 MP: 4/7
  1793 | D:3      | Learned a level 3 spell: Confusing Touch
  1798 | Sewer    | Entered a sewer
  1922 | Sewer    | Noticed a brain worm
  1947 | Sewer    | Killed a brain worm
  1948 | Sewer    | Reached skill level 7 in Stealth
  1948 | Sewer    | Reached XP level 5. HP: 15/35 MP: 1/8
  2057 | Sewer    | Reached skill level 8 in Stealth
  2241 | Sewer    | Reached skill level 9 in Stealth
  2356 | D:3      | Found a runed translucent door.
  2357 | D:3      | Noticed Crazy Yiuf
  3110 | D:3      | Killed Crazy Yiuf
  3111 | D:3      | Reached XP level 6. HP: 41/41 MP: 0/9
  3239 | D:4      | Learned a level 3 spell: Tukima's Dance
  3317 | D:4      | Reached skill level 10 in Stealth
  3495 | D:4      | Reached skill level 11 in Stealth
  3577 | D:4      | Noticed Grinder
  3582 | D:4      | Killed Grinder
  3583 | D:4      | Reached skill level 12 in Stealth
  3583 | D:4      | Reached XP level 7. HP: 46/46 MP: 10/10
  4173 | D:5      | Entered Level 5 of the Dungeon
  4227 | D:5      | Found a staircase to the Ecumenical Temple.
  4243 | Temple   | Entered the Ecumenical Temple
  4256 | Temple   | Became a worshipper of Dithmenos the Shadowed
  4428 | Temple   | Reached XP level 8. HP: 33/52 MP: 1/12
  4790 | D:5      | Noticed Menkaure
  4807 | D:5      | Killed Menkaure
  4855 | D:5      | Reached skill level 1 in Fighting
  5001 | D:5      | Found Xopt's Book Shoppe.
  5410 | D:6      | Reached * piety under Dithmenos
  5856 | D:6      | Reached XP level 9. HP: 62/62 MP: 2/15
  6748 | D:7      | Noticed Maurice
  6768 | D:7      | Maurice stole 16 boomerangs
  6773 | D:7      | Killed Maurice
  6774 | D:7      | Reached skill level 5 in Dodging
  6912 | D:7      | Reached skill level 5 in Short Blades
  7176 | D:7      | Noticed Jeremiah
  7658 | D:8      | Reached ** piety under Dithmenos
  7729 | D:8      | Found a transporter.
  7737 | D:8      | Noticed a two-headed ogre
  7740 | D:8      | Killed a two-headed ogre
  7741 | D:8      | Reached skill level 5 in Spellcasting
  7741 | D:8      | Reached XP level 10. HP: 71/71 MP: 9/17
  7860 | D:8      | Noticed a death yak
  7921 | D:8      | Reached skill level 10 in Hexes
  8022 | D:8      | Found a staircase to the Lair.
  8072 | D:8      | Found a transporter.
  8098 | D:8      | Found a transporter.
  8145 | D:8      | Found a transporter.
  8554 | D:9      | Noticed Joseph
  8707 | D:9      | Reached skill level 1 in Armour
  8707 | D:9      | Reached skill level 13 in Stealth
  8819 | D:9      | Noticed Maggie
  8838 | D:9      | Killed Maggie
  9012 | D:9      | Noticed Psyche
  9017 | D:9      | Killed Psyche
  9297 | D:9      | Found a bloodstained altar of Trog.
  9396 | D:9      | Killed Joseph
  9414 | D:9      | Reached skill level 1 in Shields
  9479 | D:9      | Reached skill level 5 in Fighting
  9642 | D:10     | Entered Level 10 of the Dungeon
  9663 | D:10     | Found a staircase to the Orcish Mines.
  9794 | D:10     | Noticed a two-headed ogre
  9801 | D:10     | Killed a two-headed ogre
  9802 | D:10     | Reached skill level 14 in Stealth
  9802 | D:10     | Reached XP level 11. HP: 80/80 MP: 9/22
  9804 | D:10     | Reached *** piety under Dithmenos
 10089 | D:10     | Noticed a death knight
 10275 | D:10     | HP: 3/77 [death knight (7)]
 10303 | D:10     | Killed a death knight
 10630 | D:10     | Found a portal to a secret trove of treasure.
 10804 | D:10     | Noticed a catoblepas
 10809 | D:10     | Killed a catoblepas
 11080 | D:11     | Noticed a boulder beetle
 11083 | D:11     | Killed a boulder beetle
 11247 | D:11     | Noticed a two-headed ogre
 11256 | D:11     | Killed a two-headed ogre
 11269 | D:11     | Noticed a green ugly thing
 11364 | Lair:1   | Entered Level 1 of the Lair of Beasts
 11409 | Lair:1   | Reached skill level 5 in Shields
 11807 | Lair:1   | Reached **** piety under Dithmenos
 11820 | Lair:1   | Reached XP level 12. HP: 67/88 MP: 15/25
 12408 | Lair:2   | Reached skill level 10 in Spellcasting
 12422 | Lair:2   | Noticed Gastronok
 12582 | Lair:2   | Noticed an eight-headed hydra
 12582 | Lair:2   | Found a gate leading to a gauntlet.
 12584 | Lair:2   | Killed an eight-headed hydra
 12634 | Gauntlet | Entered a Gauntlet
 12634 | Gauntlet | Found a transporter.
 12642 | Gauntlet | Found a transporter.
 12644 | Gauntlet | Found a transporter.
 12649 | Gauntlet | Found a runed translucent door.
 12649 | Gauntlet | Found a runed translucent door.
 12654 | Gauntlet | Found a transporter.
 12657 | Gauntlet | Found a transporter.
 12667 | Gauntlet | Found a transporter.
 12682 | Gauntlet | Found a transporter.
 12689 | Gauntlet | Noticed a reaper
 12693 | Gauntlet | Found a transporter.
 12703 | Gauntlet | Noticed a death yak
 12704 | Gauntlet | Noticed a death yak
 12705 | Gauntlet | Found a transporter.
 12706 | Gauntlet | Noticed a death yak
 12720 | Gauntlet | Found a transporter.
 12735 | Gauntlet | Found a transporter.
 12737 | Gauntlet | Found a transporter.
 12777 | Gauntlet | Found a transporter.
 12791 | Gauntlet | Found a transporter.
 12891 | Gauntlet | Incinerated by a smoke demon

Illustrated notes

Levels and vault maps discovered:
D:1:      roderic_crossed_star, layout_loops_corners
D:2:      layout_loops_cross, basic_altar, minmay_crystal_room
D:3:      layout_basic, portal_sewer_entry_c, uniq_crazy_yiuf_cottage
D:4:      layout_cave_pods, uniq_grinder
D:5:      layout_basic, minmay_temple_entry_drinking_statues, serial_shops,
          nicolae_shop_pleasant_corner_grove, uniq_menkaure
D:6:      layout_gridville
D:7:      layout_rooms, minmay_misc_feat_iff, uniq_jeremiah, uniq_maurice
D:8:      layout_cave_pools, dpeg_lair_monsters, serial_glass, glass_columns_a,
          glass_columns_b, glass_columns_b, glass_columns_a,
          chequers_serial_rivers_micro_c, nicolae_transporter_intersection
D:9:      layout_loops_ring, mainiacjoe_overflow_six_doors_small, uniq_joseph,
          uniq_maggie, uniq_psyche
D:10:     layout_cave_pools, david_orc_3, enter_trove_6,
          small_chamber_with_monster, minmay_tree_intersection,
          wad_floor_pattern_untrapped
D:11:     layout_rooms, uniq_sonja
Temple:   minmay_crystal_snake_temple
Lair:1:   layout_roguey, serial_bayou_shore_b, grunt_megastairs_5,
          infiniplex_staircase_pool_2
Lair:2:   layout_loops_ring, spider_nest_entry_web_field,
          gauntlet_entry_generic, serial_rivers, chequers_serial_rivers_micro_c,
          chequers_serial_rivers_micro_d, chequers_serial_rivers_micro_b,
          chequers_serial_rivers_micro_b, lemuel_fruit_fields,
          lemuel_fruit_tree, uniq_erica, uniq_gastronok
Gauntlet: minmay_gauntlet_77_tree [minmay_gauntlet_arena_77_tiled_triplets,
          minmay_gauntlet_arena_77_hold_the_fort,
          minmay_gauntlet_arena_77_shame_cube,
          minmay_gauntlet_arena_77_block_sizes,
          minmay_gauntlet_arena_77_broken_ladder, minmay_gauntlet_arena_77_fan,
          minmay_gauntlet_arena_77_mess, dreamdust_gauntlet_exit_labyrinth]

Skill      XL: |  1  2  3  4  5  6  7  8  9 10 11 12 |
---------------+-------------------------------------+-----
Ice Magic      | 1 2 |  2.0
Stealth        | 5 6 7 9 12 14 | 14.0
Hexes          | 5 6 8 9 10 | 10.0
Spellcasting   | 3 4 5 7 9 10 | 10.9
Fighting       | 2 4 5 6 |  6.0
Short Blades   | 3 6 |  6.0
Dodging        | 4 6 |  6.0
Armour         | 3 4 |  4.0
Shields        | 2 6 |  6.0

Action                     |  1- 3 |  4- 6 |  7- 9 | 10-12 || total
---------------------------+-------+-------+-------+-------++-------
  Melee: Dagger            |   106 |    99 |   280 |   284 ||   769
         Bite              |    11 |     7 |    39 |    42 ||    99
  Throw: Dart              |       |       |       |    11 ||    11
         Boomerang         |       |       |       |     5 ||     5
   Cast: Ensorcelled Hiber |     5 |    18 |    50 |    86 ||   159
         Confusing Touch   |       |     2 |    28 |    27 ||    57
         Tukima's Dance    |       |     3 |    38 |    33 ||    74
    Use: Potion            |       |     2 |     1 |     1 ||     4
         Scroll            |       |       |     6 |     4 ||    10
   Stab: Sleeping          |    18 |    16 |    38 |    68 ||   140
         Confused          |       |     3 |    19 |    13 ||    35
         Invisible         |       |     1 |       |       ||     1
         Distracted        |       |       |       |     1 ||     1
 Armour: Robe              |    42 |    31 |   117 |    13 ||   203
         Leather armour    |       |       |       |   130 ||   130
  Dodge: Dodged            |    49 |    28 |   135 |   139 ||   351
  Block: Buckler           |       |       |       |    39 ||    39

Table legend: (Time is in decaauts)
 A = Elapsed time spent in this place.
 B = Non-inter-level travel time spent in this place.
 C = Inter-level travel time spent in this place.
 D = Time resting spent in this place.
 E = Time spent auto-exploring this place.
 F = Levels seen in this place.
 G = Mean time per level.
                   A        B        C        D        E       F      G
               +--------+--------+--------+--------+--------+-----+--------+
         Total |  12811 |  12087 |    724 |   2791 |   6051 |  16 |  800.7 |
       Dungeon |  10533 |   9864 |    669 |   2186 |   5035 |  11 |  957.5 |
        Temple |    231 |    206 |     25 |    162 |      0 |   1 |  231.0 |
          Lair |   1260 |   1230 |     30 |    261 |    652 |   2 |  630.0 |
         Sewer |    529 |    529 |      0 |    181 |    149 |   1 |  529.0 |
      Gauntlet |    256 |    256 |      0 |      0 |    214 |   1 |  256.0 |
               +--------+--------+--------+--------+--------+-----+--------+

Top non-repeatable levels by time:
    D:10: 1415 daAuts
     D:5: 1289 daAuts
     D:3: 1214 daAuts
     D:6: 1128 daAuts
     D:9: 1078 daAuts
  Lair:1: 989 daAuts
     D:4: 935 daAuts
     D:8: 871 daAuts
     D:7: 852 daAuts
     D:1: 816 daAuts
     D:2: 704 daAuts
   Sewer: 529 daAuts
  Lair:2: 270 daAuts
Gauntlet: 256 daAuts
  Temple: 231 daAuts
